 Dungeon Crawl Stone Soup version 0.17-a0-2208-ge5ab1d3 (webtiles) character file.

16 hexophile the Skirmisher (level 2, -5/26 HPs)
             Began as a Ghoul Fighter on Oct 26, 2015.
             Slain by Sigmund
             ... wielding a +0 scythe
              (12 damage)
             ... on level 2 of the Dungeon.
             The game lasted 00:01:12 (454 turns).

hexophile the Skirmisher (Ghoul Fighter)             Turns: 454, Time: 00:01:12

Health: -5/26      AC:  6    Str: 24    XL:     2   Next: 54%
Magic:  1/1        EV:  7    Int:  3    God:
Gold:   62         SH:  9    Dex:  8    Spells: 0 memorised, 1 level left

rFire  . . .     SeeInvis .     a - +0 war axe
rCold  + . .     Clarity  .     b - +0 scale mail
rNeg   + + +     SustAt   .     c - +0 shield
rPois  ∞         Gourm    .     (no helmet)
rElec  .         Spirit   .     (no cloak)
rCorr  .         Warding  .     (no gloves)
rMut   .         Stasis   .     (no boots)
MR     .....                    (no amulet)
Stlth  ..........               (no ring)
                                (no ring)

@: mighty, rotting, not resistant to hostile enchantments, extremely unstealthy
A: rotting body, claws 1, carnivore 3, cold resistance 1, negative energy
resistance 3, slow regeneration 1, torment resistance, unbreathing
a: no special abilities


You were on level 2 of the Dungeon.
You were not hungry.

You visited 1 branch of the dungeon, and saw 2 of its levels.

You collected 62 gold pieces.


Innate Abilities, Weirdness & Mutations

Your body is rotting away.
You thrive on raw meat.
You are immune to poison.
You have sharp fingernails.
You are carnivorous and can eat meat at any time.
Your flesh is cold resistant.
You are immune to negative energy.
You regenerate slowly when monsters are visible.
You are immune to unholy pain and torment.
You can survive without breathing.

Inventory:

Hand Weapons
 a - a +0 war axe (weapon)
Armour
 b - a +0 scale mail (worn)
 c - a +0 shield (worn)
 j - a +0 pair of boots
Scrolls
 g - 3 scrolls of identify {unknown}
 k - a scroll of recharging {unknown}
Potions
 d - 2 potions of might
 i - a potion of curing
Comestibles
 e - a meat ration
 f - a slice of pizza
 h - 3 chunks of flesh


You had one spell level left.
You didn't know any spells.


   Skills:
 - Level 3.2 Fighting
 + Level 2.8 Axes
 - Level 2.6 Armour
 - Level 2.6 Shields

Dungeon Overview and Level Annotations

Branches:
Dungeon (2/15)

Altars:

Annotations:
D:2 Sigmund

Vault maps used:
D:1:      roderic_octagonal_star
D:2:      minmay_overflow_temple_star_quad, minmay_snake_closets, uniq_sigmund
You       could see a hobgoblin and a bat.


Message History

Deactivating autopickup; reactivate with Ctrl-A.
You completely miss something. You barely miss the bat.
The bat closely misses you.
You hear a zap.
You are more confused.
You hear some strange, mumbled words.
Something tries to affect you, but you resist.
You're too confused to move!
The bat hits you but does no damage.
You hear some strange, mumbled words.
You are more confused.
You completely miss something. You completely miss the bat.
The bat barely misses you.
You hear a zap.
Something tries to affect you, but you resist.
You hear a zap.
Something tries to affect you, but you resist.
Something hits you. The hobgoblin barely misses you.
The kobold hits you but does no damage.
You take 2 damage, and have 22/26 hp.
You barely miss the hobgoblin. You completely miss something.
You closely miss the kobold. The hobgoblin hits you.
The kobold hits you but does no damage.
You hear a zap.
Something tries to affect you, but you resist.
You take 1 damage, and have 21/26 hp.
You bump into the stone wall.
The hobgoblin hits you but does no damage.
The kobold hits you but does no damage.
You hear a zap.
Something tries to affect you, but you resist.
You hit the kobold.
You kill the kobold!
You miss something. You miss the hobgoblin. The hobgoblin hits you.
You hear some strange, mumbled words.
A magic dart appears from out of thin air!
The magic dart hits you! The hobgoblin hits you. Something hits you!
* * * LOW HITPOINT WARNING * * *
You take 18 damage, and have 3/26 hp.
MASSIVE DAMAGE!!
You bump into the stone wall.
The hobgoblin hits you.
* * * LOW HITPOINT WARNING * * *
Some of the chunks of flesh in your inventory have rotted away.
You take 1 damage, and have 2/26 hp.
You bump into the stone wall.
You hear a zap.
You are more confused.
The hobgoblin barely misses you.
Unknown command.
Drink which item? (? for menu, Esc to quit)
It was a potion of curing.
You feel better. Something hits you!
You die...

Action                   || total
-------------------------++-------
Melee: War axe           ||    48
  Use: Potion            ||     2
  Eat: Chunk             ||     3

Notes
Turn   | Place    | Note
--------------------------------------------------------------
     0 | D:1      | hexophile the Ghoul Fighter began the quest for the Orb.
     0 | D:1      | Reached XP level 1. HP: 19/19 MP: 0/0
   118 | D:1      | Reached skill level 2 in Axes
   219 | D:1      | Reached XP level 2. HP: 25/25 MP: 1/1
   435 | D:2      | Noticed Sigmund
   454 | D:2      | Slain by Sigmund

Table legend:
 A = Turns spent in this place as a percentage of turns spent in the entire game.
 B = Non-inter-level travel turns spent in this place as a percentage of non-inter-level travel turns spent in the entire game.
 C = Inter-level travel turns spent in this place as a percentage of turns spent in this place.
 D = Turns resting spent in this place as a percentage of non-inter-level travel turns spent in this place.
 E = Turns spent auto-exploring this place as a percentage of non-inter-level travel turns spent in this place.
 F = Non-inter-level travel turns spent in this place divided by the number of levels of this place that you've seen.
                   A       B       C       D       E      F
               +-------+-------+-------+-------+-------+----------------------
         Total | 100.0 | 100.0 |   0.5 |   0.0 |   6.8 | 103.5
       Dungeon | 100.0 | 100.0 |   0.5 |   0.0 |   6.8 | 103.5
               +-------+-------+-------+-------+-------+----------------------

Table legend:
 A = Kills in this place as a percentage of kills in entire the game.
 B = Kills by you in this place as a percentage of kills by you in the entire game.
 C = Kills by friends in this place as a percentage of kills by friends in the entire game.
 D = Other kills in this place as a percentage of other kills in the entire game.
 E = Experience gained in this place as a percentage of experience gained in the entire game.
 F = Experience gained in this place divided by the number of levels of this place that you have seen.
                   A       B       C       D       E      F
               +-------+-------+-------+-------+-------+----------------------
         Total | 100.0 | 100.0 |  -nan |  -nan | 100.0 |  11.5
       Dungeon | 100.0 | 100.0 |  -nan |  -nan | 100.0 |  11.5
               +-------+-------+-------+-------+-------+----------------------

Vanquished Creatures
  4 goblins
  3 jackals (D:1)
  2 giant newts (D:1)
  4 kobolds
  3 rats
16 creatures vanquished.
